 Dungeon Crawl Stone Soup version 0.29.1-4-g47bece8355 (webtiles) character file.

Game seed: 7812964312213324072

113 mortz the Firebug (level 4, -8/34 HPs)
             Began as a Hill Orc Fire Elementalist on Dec 3, 2022.
             Mangled by a gnoll
             ... wielding a +0 flail
              (11 damage)
             ... on level 2 of the Dungeon.
             The game lasted 00:12:01 (1603 turns).

mortz the Firebug (Hill Orc Fire Elementalist)      Turns: 1603, Time: 00:12:02

Health: -8/34      AC:  2    Str: 10    XL:     4   Next: 96%
Magic:  0/7        EV: 12    Int: 17    God:
Gold:   77         SH:  0    Dex: 11    Spells: 4/7 levels left

rFire   . . .      SeeInvis .   c - +0 trident
rCold   . . .      Faith    .   (no shield)
rNeg    . . .      Spirit   .   a - +0 robe
rPois   .          Reflect  .   (no helmet)
rElec   .          Harm     .   (no cloak)
rCorr   .          Rampage  .   (no gloves)
Will    +....                   (no boots)
Stlth   ++........              (no amulet)
HPRegen 0.11/turn               e - ring of willpower
MPRegen 0.10/turn               (no ring)

@: no status effects
A: no striking features
a: no special abilities


You were on level 2 of the Dungeon.
You visited 1 branch of the dungeon, and saw 2 of its levels.

You collected 77 gold pieces.

Inventory:

Hand Weapons
 c - a +0 trident (weapon)
 g - a +0 dagger
 l - a +0 flail
Missiles
 n - 4 poisoned darts
Armour
 a - a +0 robe (worn)
 h - a +0 ring mail
 m - a +0 chain mail
Jewellery
 e - a ring of willpower (left hand)
 k - an amulet of faith
Scrolls
 d - a scroll of fog {unknown}
 f - a scroll of identify {unknown}
 j - a scroll of enchant weapon {unknown}
Potions
 b - a potion of magic
 i - a potion of berserk rage {unknown}
 o - a potion of degeneration {unknown}
 p - a potion of cancellation {unknown}


   Skills:
 + Level 0.7 Fighting
 - Level 1.5 Dodging
 - Level 1.5 Stealth
 + Level 2.2 Spellcasting
 + Level 2.0 Conjurations
 + Level 0.3 Transmutations
 * Level 4.7 Fire Magic
 + Level 0.7 Earth Magic


You had 4 spell levels left.
You knew the following spells:

 Your Spells              Type           Power      Damage    Failure   Level
a - Foxfire               Conj/Fire      52%        2x1d6     4%          1
b - Scorch                Fire           34%        2d6       4%          2

Your spell library contained the following spells:

 Spells                   Type           Power      Damage    Failure   Level
 Conjure Flame            Conj/Fire      13%        6-21      14%         3
 Inner Flame              Hex/Fire       9%         N/A       22%         3
 Passwall                 Tmut/Erth      2%         N/A       24%         2
 Ensorcelled Hibernation  Hex/Ice        2%         N/A       28%         2
 Flame Wave               Conj/Fire      13%        2d6       43%         4
 Swiftness                Air            1%         N/A       50%         3
 Fireball                 Conj/Fire      6%         3d5       78%         5
 Iskenderun's Battlesphe  Conj           8%         2d6       92%         5
 Conjure Ball Lightning   Conj/Air       2%         3x3d6     100%        6
 Orb of Destruction       Conj           4%         9d5       100%        7


Dungeon Overview and Level Annotations

Branches:
Dungeon (2/15) Zot: 10391

Altars:


Message History

You conjure some foxfire!
The foxfire hits the bat.
You kill the bat!
The foxfire hits the gnoll.
The gnoll is heavily wounded.
You conjure some foxfire!
The foxfire hits the gnoll but does no damage.
The gnoll is heavily wounded.
The foxfire hits the gnoll.
The gnoll is severely wounded.
The gnoll hits you with a +0 flail!
You conjure some foxfire!
The foxfire hits the gnoll.
The gnoll is moderately wounded.
The foxfire hits the gnoll.
The gnoll is severely wounded.
The gnoll hits you with a +0 flail.
You conjure some foxfire!
The foxfire hits the gnoll.
The gnoll is almost dead.
The foxfire hits the gnoll.
You kill the gnoll!
The gnoll misses you.
You conjure some foxfire!
The foxfire hits the gnoll.
The gnoll is severely wounded.
The foxfire hits the gnoll.
The gnoll is severely wounded.
The gnoll closely misses you. The gnoll hits you with a +0 flail!
You are too injured to fight recklessly!
You closely miss the gnoll.
The gnoll is severely wounded.
The foxfire hits the gnoll.
The gnoll is moderately wounded.
The foxfire hits the gnoll.
The gnoll is severely wounded.
The gnoll hits you with a +0 flail!
* * * LOW HITPOINT WARNING * * *
The gnoll closely misses you.
You are too injured to fight recklessly!
Casting: Foxfire (safe; 4% risk of failure)
Confirm with . or Enter, or press ? or * to list all spells.
You conjure some foxfire!
The gnoll hits you with a +0 flail!
You die...

####### ..... ... ##'## ##8.8##
##.....## ##### ##8.....8##
##.... ##....g....## ##..^..
####8...g@v...8#####......
#..'......v....+..........
###.##8.........8####.......
#....##.........## ##......
#..#..##8.....8## #(.....
.....#...##.....## ####......
......#....##8†8## #.........
.....###...#.##'######..##......
###.. #....#..†.......##.......


You could see 2 gnolls.

Vanquished Creatures
  Terence (D:2)
  2 gnolls
  3 adders (D:2)
  4 dart slugs
  3 giant cockroaches
  2 goblins
  2 hobgoblins (D:1)
  2 quokkas
  7 ball pythons
  5 bats
  2 frilled lizards (D:2)
  2 kobolds
  5 rats
40 creatures vanquished.

Vanquished Creatures (others)
  101 foxfires
101 creatures vanquished.

Grand Total: 141 creatures vanquished

Notes
Turn   | Place    | Note
-------+----------+-------------------------------------------
     0 | D:1      | mortz the Hill Orc Fire Elementalist began the quest for
                  | the Orb.
     0 | D:1      | Reached XP level 1. HP: 14/14 MP: 3/3
    46 | D:1      | Reached XP level 2. HP: 20/20 MP: 0/4
   124 | D:1      | Found a faded altar of an unknown god.
   141 | D:1      | Learned a level 2 spell: Scorch
   431 | D:1      | Reached XP level 3. HP: 26/26 MP: 2/5
   500 | D:1      | Reached skill level 4 in Fire Magic
  1017 | D:2      | Noticed Terence
  1139 | D:2      | Killed Terence
  1140 | D:2      | Reached XP level 4. HP: 15/33 MP: 1/7
  1603 | D:2      | Mangled by a gnoll

Illustrated notes

Levels and vault maps discovered:
D:1:      dpeg_arrival_another_circle, layout_basic,
          shapermc_ecumenical_altar_totnotflames
D:2:      layout_rooms, serial_shops, nicolae_lakefront_shop, dk_noncrumbling_4,
          hangedman_decor_push, uniq_terence, uniq_robin

Skill      XL: |  1  2  3 |
---------------+----------+-----
Fire Magic     | 4 |  4.7
Spellcasting   | 2 |  2.2
Conjurations   | 2 |  2.0
Fighting       | |  0.7
Dodging        | |  1.5
Stealth        | |  1.5
Transmutations | |  0.3
Earth Magic    | |  0.7

Action                   |  1- 3 |  4- 6 || total
-------------------------+-------+-------++-------
Melee: Trident           |    11 |     4 ||    15
 Cast: Foxfire           |    35 |    23 ||    58
       Scorch            |     2 |     1 ||     3
Armor: Robe              |     2 |     1 ||     3
Dodge: Dodged            |     4 |     7 ||    11
